 Dungeon Crawl Stone Soup version 0.23.0 (webtiles) character file.

Game seed: 10872365017726883849

1997 Monsterracer the Firebug (level 8, 0/85 HPs)
             Began as a Demigod Fire Elementalist on Feb 17, 2019.
             Slain by a wight
             ... wielding a +2 short sword of freezing
              (5 damage)
             ... on level 7 of the Dungeon.
             The game lasted 00:08:34 (7264 turns).

Monsterracer the Firebug (DgFE)                     Turns: 7264, Time: 00:08:35

Health: 0/85       AC:  9    Str: 16    XL:     8   Next: 70%
Magic:  3/18       EV: 11    Int: 23    God:
Gold:   186        SH:  0    Dex: 20    Spells: 3/16 levels left

rFire    + + .     SeeInvis .   a - +0 long sword (slice)
rCold    + + .     Gourm    .   (no shield)
rNeg     . . .     Faith    .   q - +0 robe
rPois    +         Spirit   .   m - +0 helmet
rElec    +         Reflect  .   y - scarf {rC+ rF+}
rCorr    +         Harm     .   (no gloves)
MR       .....                  i - +0 pair of boots
Stlth    ..........             (no amulet)
HPRegen  0.24/turn              l - +4 ring of dexterity
MPRegen  0.16/turn              j - +5 ring of protection

@: berserking, resistant, heavily drained, very quick
A: high mp 1
a: no special abilities


You were on level 7 of the Dungeon.
You were not hungry.

You visited 1 branch of the dungeon, and saw 7 of its levels.

You collected 298 gold pieces.
You spent 112 gold pieces at shops.

Inventory:

Hand Weapons
 a - a +0 long sword of slicing (weapon)
 b - a +0 trident
Armour
 i - a +0 pair of boots (worn)
 m - a +0 helmet (worn)
 q - a +0 robe (worn)
 t - a +0 cloak
 v - the +8 chain mail "Baazesheg" {-Tele rC+++ rCorr Int-2 SInv}
   (You found it on level 6 of the Dungeon)

   It affects your intelligence (-2).
   It renders you almost immune to cold.
   It lets you see invisible.
   It prevents most forms of teleportation.
   It provides partial protection from all sources of acid and corrosion.
 y - a scarf of resistance (worn)
Jewellery
 e - an uncursed ring of resist corrosion
 j - a +5 ring of protection (right hand)
 l - a +4 ring of dexterity (left hand)
 M - an uncursed ring of protection from magic
Wands
 w - a wand of enslavement (4)
 x - a wand of digging (11)
Scrolls
 g - 2 scrolls of fear {!r}
 o - a scroll of amnesia
 r - 8 scrolls of remove curse
Potions
 h - a potion of flight {unknown}
 k - a potion of mutation {!q}
 u - a potion of lignification {unknown}
 z - a potion of brilliance
 A - a potion of haste {unknown}
Comestibles
 c - 13 rations


   Skills:
 - Level 1.7(0.2) Dodging
 - Level 1.7(0.2) Stealth
 + Level 4.6(2.9) Spellcasting
 * Level 6.8(5.0) Conjurations
 * Level 7.4(5.5) Fire Magic


You had 3 spell levels left.
You knew the following spells:

 Your Spells              Type           Power        Failure   Level  Hunger
a - Flame Tongue          Conj/Fire      ####.        1%          1    None
b - Conjure Flame         Conj/Fire      ####....     4%          3    ###....
c - Sticky Flame          Conj/Fire      ####....     13%         4    ####...
d - Fireball              Conj/Fire      ####......   36%         5    ######.

Your spell library contained the following spells:

 Spells                   Type           Power        Failure   Level  Hunger
 Throw Flame              Conj/Fire      ####..       1%          2    ##.....
 Inner Flame              Hex/Fire       ###.....     11%         3    ###....
 Confusing Touch          Hex            #.....       12%         1    None
 Confuse                  Hex            #.......     34%         3    ###....
 Gell's Gravitas          Tloc           #.........   34%         3    ###....
 Petrify                  Tmut/Erth      #.......     75%         4    ####...
 Metabolic Englaciation   Hex/Ice        #.........   97%         5    ######.
 Yara's Violent Unravell  Hex/Tmut       #.........   97%         5    ######.


Dungeon Overview and Level Annotations

Branches:
Dungeon (7/15)             Temple (0/1) D:5

Shops:
D:4 (   D:5 [   D:6 ((


Innate Abilities, Weirdness & Mutations

You have an increased reservoir of magic. (+10% MP)


Message History

Unknown command.
You hit the phantom but do no damage.
The wight hits you from afar with a cursed +0 spear.
* * * LOW HITPOINT WARNING * * *
The phantom hits you.
* * * LOW HITPOINT WARNING * * *
The wight hits you but does no damage. The wight barely misses you.
You take 12 damage, and have 16/57 hp.
MASSIVE DAMAGE!!
Unknown command.
Really read
g - 3 scrolls of fear {!r}?
As you read the scroll of fear {!r}, it crumbles to dust.
You assume a fearsome visage.
The phantom is unaffected.
The wight is unaffected. x2; The phantom hits you.
* * * LOW HITPOINT WARNING * * *
The wight hits you with a +2 short sword of freezing.
* * * LOW HITPOINT WARNING * * *
You feel drained.
* * * LOW HITPOINT WARNING * * *
The wight hits you from afar with a cursed +0 spear!
* * * LOW HITPOINT WARNING * * *
You take 15 damage, and have 1/57 hp.
MASSIVE DAMAGE!!
Okay, then.
You feel much better. The phantom hits you.
* * * LOW HITPOINT WARNING * * *
The wight hits you with a +2 short sword of freezing.
* * * LOW HITPOINT WARNING * * *
The wight barely misses you.
You regained 22 hp, and now have 23/57 hp.
Unknown command.
Evoke which item? (* to show all) (? for menu, Esc to quit)
Aiming: Enslavement
Press: ? - help, Shift-Dir - straight line, f - phantom, p - wight
Aim: a phantom (chance to defeat MR: 28%)
The phantom easily resists.
The wight hits you with a +2 short sword of freezing!
* * * LOW HITPOINT WARNING * * *
You feel drained.
* * * LOW HITPOINT WARNING * * *
The phantom barely misses you.
You riposte.
You completely miss the phantom.
The wight hits you from afar with a cursed +0 spear!
* * * LOW HITPOINT WARNING * * *
You take 22 damage, and have 1/57 hp.
MASSIVE DAMAGE!!
You feel much better. The phantom hits you!
* * * LOW HITPOINT WARNING * * *
The phantom blinks!
The wight hits you with a +2 short sword of freezing.
* * * LOW HITPOINT WARNING * * *
The wight freezes you.
* * * LOW HITPOINT WARNING * * *
The wight barely misses you.
You regained 11 hp, and now have 12/57 hp.
It was a potion of resistance.
You feel protected. The wight closely misses you.
The wight hits you from afar with a cursed +0 spear.
* * * LOW HITPOINT WARNING * * *
You take 2 damage, and have 10/57 hp.
Unknown command.
Evoke which item? (* to show all) (? for menu, Esc to quit)
Aiming: Dig
Press: ? - help, Shift-Dir - straight line, f - you, p - phantom Please select a direction to dig.
Okay, then.
Evoke which item? (* to show all) (? for menu, Esc to quit)
Aiming: Enslavement
Press: ? - help, Shift-Dir - straight line, f/p - phantom
Aim: a phantom (chance to defeat MR: 28%)
The phantom easily resists.
The phantom hits you.
* * * LOW HITPOINT WARNING * * *
The wight hits you but does no damage. x2
Unknown command.
Evoke which item? (* to show all) (? for menu, Esc to quit)
Aiming: Enslavement
Press: ? - help, Shift-Dir - straight line, f/p - phantom
Aim: a phantom (chance to defeat MR: 28%)
The phantom easily resists.
The phantom hits you.
* * * LOW HITPOINT WARNING * * *
The wight barely misses you. The wight closely misses you.
You take 2 damage, and have 8/57 hp.
Unknown command.
Okay, then.
You feel protected.
The phantom hits you but does no damage.
The wight barely misses you. The wight hits you but does no damage.
It was a potion of berserk rage.
A red film seems to cover your vision as you go berserk!
You feel yourself moving faster!
You feel mighty!
The phantom blinks!
The wight hits you but does no damage. The wight barely misses you.
You now have 12/85 hp.
You closely miss the phantom. The phantom hits you.
* * * LOW HITPOINT WARNING * * *
The wight hits you but does no damage.
You take 3 damage, and have 9/85 hp.
You closely miss the phantom. The wight hits you but does no damage.
The phantom misses you. The wight barely misses you.
Unknown command.
You barely miss the phantom. The wight barely misses you. The phantom hits you.
* * * LOW HITPOINT WARNING * * *
The wight hits you with a +2 short sword of freezing.
You die...

##########
##############.........
................######
................#######
####.##########.......#
#.# #######.# #.# #.#
#.# ##############.#
#.# #......zz@W....#
#.# #.##############
#.# #.# #.# #W# ###.###
##### #.....# ##...##
#.#.#.########.....#
#.#......W..z..>...#
#.###.########.....#


You could see a phantom and 2 wights.

Vanquished Creatures
  Grinder (D:4)
  A hippogriff (D:6)
  A hungry ghost (D:6)
  2 orc warriors (D:6)
  2 ice beasts
  An ogre (D:4)
  2 bullfrogs (D:6)
  A scorpion (D:5)
  A wight (D:7)
  4 howler monkeys
  A crimson imp (D:5)
  A hound (D:5)
  An orc priest (D:6)
  2 orc wizards (D:6)
  A bullfrog skeleton (D:4)
  2 iguanas
  Ijyb (D:3)
  Terence (D:3)
  Natasha (thrice) (D:3)
  4 worker ants
  A hound zombie (D:5)
  5 adders
  3 oozes
  An adder zombie (D:6)
  6 worms
  4 leopard geckos
  13 orcs
  A ball python (D:2)
  2 giant cockroaches
  7 goblins
  7 hobgoblins
  4 jackals
  5 quokkas
  5 bats
  10 frilled lizards
  7 kobolds
  A quokka skeleton (D:6)
  9 rats
124 creatures vanquished.

Notes
Turn   | Place    | Note
-------+----------+-------------------------------------------
     0 | D:1      | Monsterracer the Demigod Fire Elementalist began the quest
                  | for the Orb.
     0 | D:1      | Reached XP level 1. HP: 14/14 MP: 5/5
     7 | D:1      | Reached skill level 1 in Conjurations
   140 | D:1      | HP: 7/14 [hobgoblin (5)]
   146 | D:1      | HP: 6/14 [bat (1)]
   162 | D:1      | Reached skill level 3 in Fire Magic
   162 | D:1      | Reached XP level 2. HP: 10/20 MP: 0/7
  1202 | D:2      | Found a shimmering altar of Xom.
  1214 | D:2      | Found an ornate altar of the Wu Jian Council.
  1214 | D:2      | Found an iron altar of Okawaru.
  1216 | D:2      | Found a stormy altar of Qazlal.
  1216 | D:2      | Found a shadowy altar of Dithmenos.
  1216 | D:2      | Found a sacrificial altar of Ru.
  1306 | D:2      | Reached XP level 3. HP: 26/26 MP: 1/8
  1315 | D:2      | Learned a level 3 spell: Conjure Flame
  1936 | D:2      | Found a deep blue altar of Sif Muna.
  2187 | D:3      | Noticed Natasha
  2196 | D:3      | Killed Natasha
  2290 | D:3      | Noticed Terence
  2297 | D:3      | Killed Terence
  2297 | D:3      | Reached XP level 4. HP: 33/33 MP: 2/10
  2386 | D:3      | Found a shattered altar of Ashenzari.
  2438 | D:3      | Found an iron altar of Okawaru.
  2583 | D:3      | Noticed Natasha
  2591 | D:3      | Killed Natasha
  2665 | D:3      | Noticed Ijyb
  2676 | D:3      | Killed Ijyb
  2676 | D:3      | Reached skill level 4 in Fire Magic
  2676 | D:3      | Reached XP level 5. HP: 35/38 MP: 1/11
  2684 | D:3      | Learned a level 4 spell: Sticky Flame
  2965 | D:3      | Found a sparkling altar of Nemelex Xobeh.
  3114 | D:3      | Noticed Natasha
  3125 | D:3      | Killed Natasha
  3555 | D:4      | Found Muucsilo's Weapon Shoppe.
  3723 | D:4      | Noticed Grinder
  3723 | D:4      | Paralysed by Grinder for 2 turns
  3735 | D:4      | Paralysed by Grinder for 4 turns
  3745 | D:4      | Noticed an ogre
  3754 | D:4      | Paralysed by Grinder for 5 turns
  3764 | D:4      | Paralysed by Grinder for 3 turns
  3768 | D:4      | HP: 17/38 [Grinder/nerve-wracking pain (7)]
  3775 | D:4      | Killed Grinder
  3775 | D:4      | Reached XP level 6. HP: 17/45 MP: 2/13
  4028 | D:4      | Reached skill level 5 in Fire Magic
  4454 | D:4      | Reached XP level 7. HP: 50/50 MP: 9/15
  4792 | D:5      | Entered Level 5 of the Dungeon
  4858 | D:5      | Found a basalt altar of Yredelemnul.
  4987 | D:5      | Found a staircase to the Ecumenical Temple.
  5039 | D:5      | Learned a level 5 spell: Fireball
  5238 | D:5      | Found Vaeca's Antique Armour Shoppe.
  5253 | D:5      | Bought a cloak for 112 gold pieces
  5474 | D:6      | Reached skill level 5 in Conjurations
  5478 | D:6      | Got a shimmering chain mail
  5489 | D:6      | Identified the +8 chain mail "Baazesheg" {-Tele rC+++ rCorr
                  | Int-2 SInv} (You found it on level 6 of the Dungeon)
  5636 | D:6      | Found Alimn's Antique Weapon Emporium.
  5665 | D:6      | Reached skill level 6 in Fire Magic
  5962 | D:6      | Found a snail-covered altar of Cheibriados.
  5994 | D:6      | Noticed a hippogriff
  6003 | D:6      | HP: 25/50 [hippogriff (5)]
  6005 | D:6      | Killed a hippogriff
  6005 | D:6      | Reached XP level 8. HP: 29/57 MP: 4/17
  6304 | D:6      | Reached skill level 7 in Fire Magic
  6700 | D:6      | Found Enuoh's Antique Weapon Shop.
  7250 | D:7      | HP: 28/57 [wight/+2 short sword of freezing (2)]
  7252 | D:7      | HP: 12/57 [wight/+2 short sword of freezing (3)]
  7252 | D:7      | HP: 1/57 [wight/cursed +0 spear (10)]
  7258 | D:7      | HP: 10/57 [phantom (1)]
  7264 | D:7      | HP: 5/85 [phantom (4)]
  7264 | D:7      | Slain by a wight

Skill      XL: |  1  2  3  4  5  6  7  8 |
---------------+-------------------------+-----
Conjurations   | 1 2 4 5 6 |  6.8
Fire Magic     | 3 4 5 6 7 |  7.4
Spellcasting   | 2 3 4 |  4.6
Dodging        | |  1.7
Stealth        | |  1.7

Action                   |  1- 3 |  4- 6 |  7- 9 || total
-------------------------+-------+-------+-------++-------
Melee: Unarmed           |     2 |       |       ||     2
       Dagger            |     3 |     1 |       ||     4
       Spear             |       |     1 |       ||     1
       Long sword        |       |     2 |    22 ||    24
 Cast: Flame Tongue      |    85 |    90 |   128 ||   303
       Sticky Flame      |       |     3 |     1 ||     4
       Conjure Flame     |       |       |     3 ||     3
       Fireball          |       |       |     1 ||     1
Evoke: Wand              |       |       |     3 ||     3
  Use: Scroll            |       |     7 |     6 ||    13
       Potion            |       |       |     5 ||     5
 Stab: Sleeping          |       |     1 |       ||     1
  Eat: Chunk             |     5 |     7 |     9 ||    21
Armor: Robe              |    19 |    15 |    34 ||    68
Dodge: Dodged            |    37 |    28 |    53 ||   118
       Rpst.: Long sword |       |    10 |    17 ||    27

Levels and vault maps discovered:
D:1:      dpeg_arrival_pits, layout_basic
D:2:      layout_loops_ring, doesnt_xom_only_xom, lemuel_blue_sif_altar
D:3:      layout_loops_ring, nicolae_ashenzari_panopticon, lemuel_doored_altar,
          okawaru_ov_weapons_minmay, uniq_ijyb, uniq_natasha, uniq_terence
D:4:      layout_basic, serial_shops, shop_fountains, first_ration, minivault_5,
          uniq_grinder
D:5:      layout_rooms, nicolae_overflow_crystal_walls, temple_statues,
          serial_shops, shop_fountains
D:6:      layout_loops_corners, cheibriados_altar_1, serial_shops, shop,
          nicolae_shop_statue_plus, kennysheep_generic_room_15
D:7:      layout_loops_ring
